PBL
YORK REVOLUTION @ PARIS CUBS
09/08/2047
 
TOP OF THE 1ST
York Revolution batting - Pitching for Paris Cubs : LHP Wilhelm Myers
Pitching: LHP Wilhelm Myers
Batting: LHB Matt Urbanek 0-0: Ball
1-0: Ground out U3 (Groundball, 23, EV 85.0 MPH)
Batting: RHB Juan Valadez 0-0: Called Strike
0-1: Foul Ball, location: 2F
0-2: Ball
1-2: Ball
2-2: Ground out 5-3 (Groundball, 5L, EV 81.2 MPH)
Batting: RHB Chris Myers 0-0: Swinging Strike
0-1: Ball
1-1: Fly out, F9 (Flyball, 9D, EV 99.4 MPH)
Top of the 1st over - 0 runs, 0 hits, 0 errors, 0 left on base; York 0 - Paris 0
BOTTOM OF THE 1ST
Paris Cubs batting - Pitching for York Revolution : RHP Jamie Gordam
Pitching: RHP Jamie Gordam
Batting: RHB Andy Villarreal 0-0: Called Strike
0-1: Swinging Strike
0-2: Ball
1-2: Foul Ball, location: 2F
1-2: Foul Ball, location: 2F
1-2: Foul Ball, location: 2F
1-2: Strikes out swinging, 2-3 out at first.
Batting: RHB David Bousfield 0-0: Called Strike
0-1: Ball
1-1: Called Strike
1-2: Ground out 3-1 (Groundball, 34, EV 80.6 MPH)
Batting: RHB Ricky Ramirez 0-0: Ball
1-0: SINGLE (Groundball, 56S, EV 71.9 MPH) (infield hit)
Batting: RHB Jorge Lagunas 0-0: Called Strike
0-1: Ball
Ricky Ramirez is caught stealing 2nd base 2-4
Bottom of the 1st over - 0 runs, 1 hit, 0 errors, 0 left on base; York 0 - Paris 0
TOP OF THE 2ND
York Revolution batting - Pitching for Paris Cubs : LHP Wilhelm Myers
Batting: RHB Trent Hedrick 0-0: Called Strike
0-1: Ball
1-1: Fly out, F8 (Flyball, 8RD, EV 75.6 MPH)
Batting: RHB Tony Perez 0-0: Ball
1-0: Ball
2-0: Ball
3-0: Called Strike
3-1: Called Strike
3-2: Fly out, F9 (Flyball, 9LS, EV 83.1 MPH)
Batting: RHB Jose Corral 0-0: Called Strike
0-1: Ball
1-1: Ground out 4-3 (Groundball, 4, EV 88.8 MPH)
Top of the 2nd over - 0 runs, 0 hits, 0 errors, 0 left on base; York 0 - Paris 0
BOTTOM OF THE 2ND
Paris Cubs batting - Pitching for York Revolution : RHP Jamie Gordam
Batting: RHB Jorge Lagunas 0-0: Ball
1-0: SINGLE (Groundball, 34D, EV 95.0 MPH)
Batting: LHB Jeremy Rideout 0-0: Ball
1-0: Called Strike
1-1: Foul Ball, location: 2F
1-2: Strikes out looking
Batting: RHB Lencho Otieno 0-0: Ball
1-0: Ball
2-0: Ball
3-0: Base on Balls
Jorge Lagunas to second
Batting: LHB Jose Mafano 0-0: Ball
Balk!
Jorge Lagunas to third
Lencho Otieno to second
1-0: Ball
2-0: Called Strike
2-1: Ball
3-1: Foul Ball, location: 2F
3-2: Strikes out swinging
Batting: RHB Michihisa Tanaka 0-0: Ball
1-0: Foul Ball, location: 2F
1-1: Ball
2-1: Ball
3-1: Foul Ball, location: 2F
3-2: Base on Balls
Batting: RHB Willie Rubio 0-0: Reached on error, E5 (Groundball, 5L, EV 93.1 MPH)
Jorge Lagunas scores
Lencho Otieno to third
Michihisa Tanaka to second
Batting: RHB Andy Villarreal 0-0: Ball
1-0: Called Strike
1-1: SINGLE (Groundball, 4D, EV 106.2 MPH)
Lencho Otieno scores
Michihisa Tanaka to third
Willie Rubio to second
Runner from 3rd tries for Home, SAFE, throw by RF to home
Batting: RHB David Bousfield 0-0: Ball
1-0: Ball
2-0: Ball
3-0: Called Strike
3-1: Called Strike
3-2: Strikes out swinging
Bottom of the 2nd over - 3 runs, 2 hits, 1 error, 2 left on base; York 0 - Paris 3
TOP OF THE 3RD
York Revolution batting - Pitching for Paris Cubs : LHP Wilhelm Myers
Batting: RHB Eddie Serna 0-0: Swinging Strike
0-1: Swinging Strike
0-2: Ball
1-2: Foul Ball, location: 2F
1-2: Ground out 6-3 (Groundball, 6S, EV 65.6 MPH)
Batting: LHB Travis Hahn 0-0: Ball
1-0: Swinging Strike
1-1: Foul Ball, location: 2F
1-2: Ball
2-2: Ground out 4-3 (Groundball, 4S, EV 68.1 MPH)
Batting: RHB Alexis Graciani 0-0: Foul Ball, location: 2F
0-1: Foul Ball, location: 2F
0-2: Ball
1-2: Ball
2-2: Ball
3-2: Strikes out swinging
Top of the 3rd over - 0 runs, 0 hits, 0 errors, 0 left on base; York 0 - Paris 3
BOTTOM OF THE 3RD
Paris Cubs batting - Pitching for York Revolution : RHP Jamie Gordam
Batting: RHB Ricky Ramirez 0-0: Ball
1-0: Foul Ball, location: 2F
1-1: Foul Ball, location: 2F
1-2: Foul Ball, location: 2F
1-2: Foul Ball, location: 2F
1-2: Ball
2-2: Foul Ball, location: 2F
2-2: Foul Ball, location: 2F
2-2: Ball
3-2: Strikes out swinging
Batting: RHB Jorge Lagunas 0-0: Called Strike
0-1: Ball
1-1: Foul Ball, location: 2F
1-2: Strikes out swinging
Batting: LHB Jeremy Rideout 0-0: Foul Ball, location: 2F
0-1: Ball
1-1: Swinging Strike
1-2: Strikes out swinging
Bottom of the 3rd over - 0 runs, 0 hits, 0 errors, 0 left on base; York 0 - Paris 3
TOP OF THE 4TH
York Revolution batting - Pitching for Paris Cubs : LHP Wilhelm Myers
Pitching: RHP Alberto Cabrera
Batting: LHB Matt Urbanek 0-0: Ball
1-0: Ball
2-0: Ball
3-0: Called Strike
3-1: Foul Ball, location: 2F
3-2: Base on Balls
Batting: RHB Juan Valadez 0-0: Ball
1-0: Ball
2-0: Ball
3-0: Called Strike
3-1: Called Strike
3-2: Fielders Choice at 2nd, 1-6 (Groundball, 34S, EV 69.4 MPH)
Batting: RHB Chris Myers 0-0: Ball
1-0: Called Strike
1-1: Ball
2-1: Swinging Strike
Passed Ball!
Juan Valadez to second
2-2: SINGLE (Groundball, 4MD, EV 97.5 MPH)
Juan Valadez to third
Batting: RHB Trent Hedrick 0-0: Called Strike
0-1: Ball
1-1: Ball
2-1: Called Strike
2-2: Ball
3-2: Base on Balls
Chris Myers to second
Pitching: LHP Jose Gutierres
Batting: RHB Tony Perez 0-0: Ball
1-0: Called Strike
1-1: Swinging Strike
1-2: Ball
2-2: Strikes out swinging
Batting: RHB Jose Corral 0-0: Foul Ball, location: 2F
0-1: Ball
1-1: Swinging Strike
1-2: Ball
2-2: Ground out 1-3 (Groundball, 23, EV 63.1 MPH)
Top of the 4th over - 0 runs, 1 hit, 0 errors, 3 left on base; York 0 - Paris 3
BOTTOM OF THE 4TH
Paris Cubs batting - Pitching for York Revolution : RHP Jamie Gordam
Batting: RHB Lencho Otieno 0-0: Foul Ball, location: 2F
0-1: Ball
1-1: Ball
2-1: Foul Ball, location: 2F
2-2: Strikes out swinging
Batting: LHB Jose Mafano 0-0: Ground out 4-3 (Groundball, 4, EV 83.8 MPH)
Batting: RHB Michihisa Tanaka 0-0: Foul Ball, location: 2F
0-1: Ball
1-1: Called Strike
1-2: Ball
2-2: Foul Ball, location: 2F
2-2: Foul Ball, location: 2F
2-2: Ground out 5-3 (Groundball, 56, EV 91.9 MPH)
Bottom of the 4th over - 0 runs, 0 hits, 0 errors, 0 left on base; York 0 - Paris 3
TOP OF THE 5TH
York Revolution batting - Pitching for Paris Cubs : LHP Jose Gutierres
Pitching: RHP Jose Mata
Batting: RHB Eddie Serna 0-0: Foul Ball, location: 2F
0-1: Ball
1-1: SINGLE (Line Drive, 4D, EV 99.4 MPH)
Batting: LHB Travis Hahn 0-0: Ball
1-0: Ball
2-0: Fly out, F8 (Flyball, 8LXD, EV 100.6 MPH)
Batting: RHB Alexis Graciani 0-0: Ball
Eddie Serna is caught stealing 2nd base 2-4
1-0: SINGLE (Groundball, 4MD, EV 94.4 MPH)
Batting: LHB Matt Urbanek 0-0: Called Strike
0-1: Ball
1-1: Swinging Strike
1-2: Ball
2-2: Fly out, F7 (Flyball, 7S, EV 93.1 MPH)
Top of the 5th over - 0 runs, 2 hits, 0 errors, 1 left on base; York 0 - Paris 3
BOTTOM OF THE 5TH
Paris Cubs batting - Pitching for York Revolution : RHP Jamie Gordam
Pitching: RHP Josh Howell
Batting: RHB Willie Rubio 0-0: Called Strike
0-1: DOUBLE (Groundball, 5L, EV 104.4 MPH)
Batting: RHB Andy Villarreal 0-0: Called Strike
0-1: Swinging Strike
0-2: Ball
1-2: Strikes out swinging
Batting: RHB David Bousfield 0-0: Hit by Pitch
Batting: RHB Ricky Ramirez 0-0: Ball
1-0: Swinging Strike
1-1: Ball
2-1: Fly out, F9 (Line Drive, 9, EV 97.5 MPH)
Batting: RHB Jorge Lagunas 0-0: Ball
1-0: Ball
2-0: Foul Ball, location: 2F
2-1: Fly out, F8 (Line Drive, 78M, EV 97.5 MPH)
Bottom of the 5th over - 0 runs, 1 hit, 0 errors, 2 left on base; York 0 - Paris 3
TOP OF THE 6TH
York Revolution batting - Pitching for Paris Cubs : RHP Jose Mata
Batting: RHB Juan Valadez 0-0: Swinging Strike
0-1: Ball
1-1: Ball
2-1: Ball
3-1: Base on Balls
Pitching: RHP Mike Reusch
Batting: RHB Chris Myers 0-0: Called Strike
Juan Valadez steals 2nd base
0-1: SINGLE (Groundball, 56D, EV 101.9 MPH)
Juan Valadez to third
Batting: RHB Trent Hedrick 0-0: Ball
1-0: Foul Ball, location: 2F
1-1: Ball
2-1: SINGLE (Groundball, 4D, EV 108.1 MPH)
Juan Valadez scores
Chris Myers to second
Runner from 2nd tries for 3rd, OUT! 9-5
Trent Hedrick to second
Batting: RHB Tony Perez 0-0: Ball
1-0: 2-RUN HOME RUN (Flyball, 8RXD, EV 109.4 MPH), Distance : 453 ft
Batting: RHB Jose Corral 0-0: Foul Ball, location: 2F
0-1: Fly out, F8 (Flyball, 8LM, EV 88.1 MPH)
Batting: RHB Eddie Serna 0-0: Ball
1-0: Ball
2-0: Ball
3-0: Called Strike
3-1: Base on Balls
Batting: LHB Travis Hahn 0-0: Called Strike
0-1: Fly out, F7 (Flyball, 7S, EV 78.8 MPH)
Top of the 6th over - 3 runs, 3 hits, 0 errors, 1 left on base; York 3 - Paris 3
BOTTOM OF THE 6TH
Paris Cubs batting - Pitching for York Revolution : RHP Josh Howell
Batting: LHB Jeremy Rideout 0-0: Ball
1-0: Swinging Strike
1-1: Called Strike
1-2: Foul Ball, location: 2F
1-2: Foul Ball, location: 2F
1-2: Strikes out swinging, 2-3 out at first.
Batting: RHB Lencho Otieno 0-0: Ball
1-0: Ball
2-0: Ball
3-0: Called Strike
3-1: Base on Balls
Batting: LHB Jose Mafano 0-0: Foul Ball, location: 2F
0-1: Called Strike
Lencho Otieno steals 2nd base
0-2: Ball
1-2: Ball
2-2: Fly out, F8 (Line Drive, 8LM, EV 105.6 MPH)
Batting: RHB Michihisa Tanaka 0-0: Ball
1-0: Called Strike
1-1: Ball
2-1: Called Strike
2-2: Foul Ball, location: 2F
2-2: Ball
3-2: Foul Ball, location: 2F
3-2: Foul Ball, location: 2F
3-2: Strikes out swinging
Bottom of the 6th over - 0 runs, 0 hits, 0 errors, 1 left on base; York 3 - Paris 3
TOP OF THE 7TH
York Revolution batting - Pitching for Paris Cubs : RHP Mike Reusch
Batting: RHB Alexis Graciani 0-0: Ball
1-0: Foul Ball, location: 2F
1-1: Swinging Strike
1-2: Ball
2-2: Strikes out swinging
Pitching: RHP Robbie Schoen
Batting: LHB Matt Urbanek 0-0: Ball
1-0: Swinging Strike
1-1: Foul Ball, location: 2F
1-2: Strikes out swinging
Batting: RHB Juan Valadez 0-0: Called Strike
0-1: Ball
1-1: Ball
2-1: Called Strike
2-2: Ball
3-2: Base on Balls
Batting: RHB Chris Myers 0-0: Foul Ball, location: 2F
0-1: Fielders Choice at 2nd, 5-4 (Groundball, 56, EV 101.9 MPH)
Top of the 7th over - 0 runs, 0 hits, 0 errors, 1 left on base; York 3 - Paris 3
BOTTOM OF THE 7TH
Paris Cubs batting - Pitching for York Revolution : RHP Josh Howell
Batting: RHB Willie Rubio 0-0: Called Strike
0-1: Called Strike
0-2: Ground out U3 (Groundball, 34S, EV 91.9 MPH)
Batting: RHB Andy Villarreal 0-0: Fly out, F9 (Flyball, 89S, EV 76.9 MPH)
Batting: RHB David Bousfield 0-0: Called Strike
0-1: Called Strike
0-2: Fly out, F9 (Flyball, 89M, EV 82.5 MPH)
Bottom of the 7th over - 0 runs, 0 hits, 0 errors, 0 left on base; York 3 - Paris 3
TOP OF THE 8TH
York Revolution batting - Pitching for Paris Cubs : RHP Robbie Schoen
Batting: RHB Trent Hedrick 0-0: Ball
1-0: Ball
2-0: Ball
3-0: Base on Balls
Batting: RHB Tony Perez 0-0: Ball
1-0: Called Strike
1-1: Called Strike
1-2: Ball
2-2: Foul Ball, location: 2F
2-2: Foul Ball, location: 2F
2-2: Foul Ball, location: 2F
2-2: Foul Ball, location: 2F
2-2: Ball
3-2: Foul Ball, location: 2F
3-2: Foul Ball, location: 2F
3-2: Foul Ball, location: 2F
3-2: 2-RUN HOME RUN (Flyball, 7D, EV 99.4 MPH), Distance : 383 ft
Pitching: LHP Noah Hornby
Batting: RHB Jose Corral 0-0: Ball
1-0: Ball
2-0: Called Strike
2-1: Foul Ball, location: 2F
2-2: Ground out 6-3 (Groundball, 6, EV 88.8 MPH)
Batting: RHB Eddie Serna 0-0: Foul Ball, location: 2F
0-1: Fly out, F8 (Flyball, 8LXD, EV 90.6 MPH)
Batting: LHB Travis Hahn 0-0: Ball
1-0: Ball
2-0: Ball
3-0: Base on Balls
Batting: RHB Alexis Graciani 0-0: Called Strike
0-1: Ball
1-1: Ball
2-1: Foul Ball, location: 2F
2-2: Strikes out swinging
Top of the 8th over - 2 runs, 1 hit, 0 errors, 1 left on base; York 5 - Paris 3
BOTTOM OF THE 8TH
Paris Cubs batting - Pitching for York Revolution : RHP Josh Howell
Batting: RHB Ricky Ramirez 0-0: Ball
1-0: Fly out, F9 (Flyball, 9D, EV 92.5 MPH)
Batting: RHB Jorge Lagunas 0-0: Swinging Strike
0-1: Ball
1-1: Called Strike
1-2: Ball
2-2: Foul Ball, location: 2F
2-2: Strikes out swinging
Batting: LHB Jeremy Rideout 0-0: Called Strike
0-1: Called Strike
0-2: Ball
1-2: Foul Ball, location: 2F
1-2: Ground out 6-3 (Groundball, 6M, EV 87.5 MPH)
Bottom of the 8th over - 0 runs, 0 hits, 0 errors, 0 left on base; York 5 - Paris 3
TOP OF THE 9TH
York Revolution batting - Pitching for Paris Cubs : LHP Noah Hornby
Batting: LHB Matt Urbanek 0-0: Swinging Strike
0-1: SINGLE (Groundball, 6D, EV 96.9 MPH)
Pitching: RHP Melvin Orengo
Batting: RHB Juan Valadez 0-0: Ball
Wild Pitch!
Matt Urbanek to second
1-0: Ball
Wild Pitch!
Matt Urbanek to third
2-0: Called Strike
2-1: Foul Ball, location: 2F
2-2: Foul Ball, location: 2F
2-2: Ball
3-2: SINGLE (Groundball, 6M, EV 109.4 MPH)
Matt Urbanek scores
Batting: RHB Chris Myers 0-0: Called Strike
0-1: Hit by Pitch
Juan Valadez to second
Batting: RHB Trent Hedrick 0-0: Called Strike
0-1: Ball
1-1: Grounds into double play, 6-4-3 (Groundball, 6, EV 83.1 MPH)
Juan Valadez to third
Batting: RHB Tony Perez 0-0: Ball
1-0: Ball
2-0: Ball
3-0: Called Strike
3-1: Base on Balls
Batting: RHB Jose Corral 0-0: Foul Ball, location: 2F
0-1: Ball
1-1: 3-RUN HOME RUN (Flyball, 7D, EV 96.2 MPH), Distance : 399 ft
Pitching: RHP Luis Solis
Batting: RHB Eddie Serna 0-0: Called Strike
0-1: Foul Ball, location: 2F
0-2: Foul Ball, location: 2F
0-2: Ball
1-2: Strikes out swinging
Top of the 9th over - 4 runs, 3 hits, 0 errors, 0 left on base; York 9 - Paris 3
BOTTOM OF THE 9TH
Paris Cubs batting - Pitching for York Revolution : RHP Josh Howell
Pinch Hitting: LHB David Mendez 0-0: Ball
1-0: Swinging Strike
1-1: Foul Ball, location: 2F
1-2: Ball
2-2: Strikes out looking
Pitching: RHP Si-dao Xia
Batting: LHB Jose Mafano 0-0: Called Strike
0-1: Foul Ball, location: 2F
0-2: Strikes out looking
Batting: RHB Michihisa Tanaka 0-0: Ball
1-0: Ball
2-0: Ball
3-0: Called Strike
3-1: Fly out, F9 (Flyball, 9LS, EV 86.9 MPH)
Bottom of the 9th over - 0 runs, 0 hits, 0 errors, 0 left on base; York 9 - Paris 3
Thursday, December 15th , 2022 - OOTP Baseball 23.9 Build 102